Map: King's Cove LE

Players

Zanster

  • Race: Zerg Zerg
  • Spawn Location: 5:00

HeroMarine - Winner!

  • Race: Terran Terran
  • League: Master
  • Spawn Location: 11:00

Event: HomeStory Cup XIX

VOD

Have the link to the VOD?

Description

Time

  • Played on: June 28, 2019, 3:21 p.m.
  • Length: 9:18

All games in this series

Show
View Real Time Build Order
Export as new Build Order

Zanster Zerg 

Build Orders: Hatch First, Muta Ling Bane 

Get SALT Encoding   

  12  0:00  Drone  
  13  0:13  Overlord  
  13  0:18  Drone  
  14  0:31  Drone x2  
  16  0:50  Hatchery  
  16  0:52  Drone  
  16  0:55  Drone  
  17  0:59  Drone  
  18  1:09  Extractor  
  17  1:15  Spawning Pool  
  17  1:18  Drone  
  17  1:21  Drone  
  18  1:29  Drone  
  19  1:39  Drone  
  20  1:50  Drone  
  21  2:01  Queen  
  21  2:02  Queen  
  21  2:03  Zergling x4  
  27  2:13  Drone  
  28  2:21  Hatchery  
  27  2:25  Overlord  
  27  2:28  Drone  
  28  2:42  Queen  
  28  2:43  Drone  
  28  2:44  Drone x2  
  33  2:46  Drone  
  33  2:50  Drone  
  35  2:53  Metabolic Boost  
  35  2:58  Overlord  
  35  3:00  Drone  
  36  3:16  Drone  
  36  3:17  Drone  
  36  3:18  Drone x4  
  42  3:23  Queen  
  42  3:25  Overlord  
  44  3:36  Drone x3  
  44  3:37  Queen  
  49  3:43  Lair  
  49  3:46  Extractor  
  49  3:47  Drone  
  49  3:48  Drone  
  50  3:52  Drone x2  
  50  3:55  Drone x2  
  54  3:59  Drone  
  54  4:00  Zergling x4  
  57  4:04  Extractor, Overlord  
  57  4:08  Zergling x4  
  57  4:14  Overlord  
  57  4:21  Overlord  
  57  4:25  Drone x7  
  57  4:27  Drone  
  65  4:33  Queen  
  65  4:34  Drone  
  68  4:39  Baneling Nest  
  68  4:41  Drone  
  68  4:42  Spore Crawler  
  67  4:48  Drone, Spire  
  67  4:49  Drone  
  67  4:51  Drone  
  69  4:55  Spore Crawler  
  66  5:03  Evolution Chamber  
  66  5:04  Drone x5  
  66  5:05  Drone  
  60  5:07  Drone  
  60  5:14  Drone  
  60  5:16  Drone  
  60  5:17  Drone  
  60  5:20  Drone x2  
  63  5:22  Drone, Extractor  
  63  5:23  Drone  
  63  5:26  Drone  
  63  5:27  Drone  
  65  5:30  Drone x2  
  65  5:32  Drone  
  68  5:40  Drone x4  
  68  5:42  Overlord  
  70  5:48  Overlord  
  70  6:01  Mutalisk x6  
  70  6:03  Mutalisk  
  85  6:11  Drone x2  
  85  6:13  Drone  
  85  6:14  Evolution Chamber  
  85  6:15  Evolution Chamber  
  85  6:19  Centrifical Hooks  
  85  6:23  Zergling x4, Hatchery  
  85  6:25  Zergling x4  
  88  6:30  Zergling x2  
  88  6:31  Zergling x6  
  92  6:37  Zergling x10  
  97  6:44  Overlord x3  
  97  6:45  Zerg Melee Weapons Level 1  
  97  6:49  Zerg Ground Armor Level 1  
  97  6:50  Baneling x3  
  97  6:51  Baneling  
  97  6:57  Baneling x3  
  97  7:01  Overlord  
  97  7:03  Overlord  
  97  7:12  Drone x13  
  110  7:15  Extractor  
  110  7:16  Extractor  
  108  7:24  Drone  
  108  7:27  Overlord  
  109  7:35  Hatchery  
  108  7:38  Drone x5  
  108  7:42  Overlord  
  113  7:45  Mutalisk x5  
  113  7:48  Zergling x6  
  126  7:51  Overseer  
  126  7:52  Pneumatized Carapace  
  126  7:53  Zergling x2  
  126  7:54  Zergling x6  
  126  7:56  Queen  
  132  7:58  Overlord  
  132  8:01  Overlord  
  132  8:04  Baneling x6  
  132  8:08  Zergling x8  
  136  8:15  Zergling x10  
  136  8:18  Overlord  
  141  8:23  Zergling x18  
  150  8:29  Baneling x9  
  149  8:39  Zergling x2  
  149  8:40  Zergling x14  
  134  8:45  Baneling x6  
  128  8:49  Zergling x6  
  128  8:54  Zergling x6  
  128  8:55  Zergling x4  
Show
View Real Time Build Order
Export as new Build Order

HeroMarine Terran - Winner!

Build Orders: Liberator Opening, Reaper Expand 

Get SALT Encoding   

  12  0:00  SCV  
  13  0:12  SCV  
  14  0:18  Supply Depot  
  14  0:25  SCV  
  15  0:39  SCV  
  15  0:40  Barracks  
  16  0:44  Refinery  
  16  0:51  SCV  
  17  1:03  SCV  
  18  1:15  SCV  
  19  1:28  Orbital Command, Reaper  
  20  1:43  Command Center  
  20  1:53  Supply Depot  
  20  1:54  SCV  
  21  2:00  Marine  
  22  2:06  SCV  
  23  2:17  Factory  
  23  2:18  SCV  
  24  2:23  Barracks Reactor  
  24  2:25  Refinery  
  24  2:30  SCV  
  25  2:42  SCV  
  26  2:54  SCV  
  26  2:55  Orbital Command  
  27  3:03  Starport  
  27  3:06  SCV  
  27  3:07  Marine, Hellion x2  
  33  3:18  SCV  
  34  3:21  SCV  
  34  3:22  Liberator  
  35  3:27  Barracks Tech Lab, Supply Depot  
  35  3:28  Hellion x2  
  35  3:31  SCV  
  35  3:33  SCV  
  44  3:43  SCV  
  44  3:45  SCV  
  46  3:50  Supply Depot  
  46  3:53  Hellion x2  
  50  3:56  Stimpack  
  50  3:58  SCV  
  50  3:59  SCV  
  52  4:05  Marine  
  53  4:10  SCV  
  53  4:12  SCV  
  53  4:15  Supply Depot  
  55  4:22  SCV  
  55  4:23  Marine  
  58  4:24  SCV  
  58  4:26  Factory Tech Lab  
  58  4:31  Command Center  
  58  4:34  SCV  
  58  4:36  SCV  
  60  4:42  Barracks, Marine, Starport Reactor  
  60  4:43  Barracks  
  61  4:47  SCV  
  61  4:48  SCV  
  61  4:52  Supply Depot  
  63  4:54  Siege Tank  
  66  5:00  Marine, SCV x2  
  62  5:11  Engineering Bay x2  
  62  5:12  SCV x2  
  58  5:18  Marine  
  59  5:24  SCV x2  
  59  5:26  Siege Tank  
  64  5:32  Starport Reactor  
  64  5:33  Refinery x2  
  64  5:35  Marine x2  
  64  5:36  Marine  
  64  5:39  Terran Infantry Weapons Level 1, Terran Infantry Armor Level 1  
  64  5:40  Marine x2  
  71  5:43  Orbital Command  
  69  5:53  Marine x2  
  69  5:56  SCV  
  69  5:57  Combat Shield, SCV  
  73  5:58  Barracks  
  73  6:00  Barracks, Marine x3  
  76  6:05  Supply Depot  
  76  6:08  Siege Tank  
  76  6:10  SCV  
  76  6:11  Orbital Command, SCV  
  81  6:14  Marine x2  
  81  6:18  Marine x2  
  84  6:20  Supply Depot  
  84  6:23  SCV x2  
  84  6:24  Marine  
  88  6:27  Medivac x2  
  88  6:32  Marine  
  93  6:34  Supply Depot  
  93  6:35  Marine, SCV x2  
  93  6:36  Marine  
  97  6:42  SCV  
  97  6:44  Marine x2  
  101  6:47  SCV x2  
  101  6:48  Barracks Reactor x2  
  101  6:53  Siege Tank, Supply Depot  
  104  6:54  SCV  
  104  7:00  Marine x2  
  106  7:06  Marine x2, Missile Turret  
  105  7:10  Medivac  
  105  7:11  Medivac  
  105  7:13  Marine, Missile Turret  
  107  7:18  Marine x2  
  104  7:23  Marine  
  104  7:24  Marine x2  
  107  7:31  Marine x4  
  107  7:36  Marine x2  
  116  7:37  Siege Tank  
  116  7:43  Missile Turret, Supply Depot  
  116  7:45  Marine x2  
  116  7:46  Marine  
  116  7:48  Marine  
  116  7:49  Marine  
  121  7:54  Marine x3  
  121  7:55  Marine, Supply Depot  
  121  7:58  Supply Depot  
  125  8:10  Marine x5  
  125  8:12  Siege Tank  
  131  8:13  Medivac  
  131  8:16  Medivac  
  131  8:17  Marine x2  
  137  8:26  Marine x2  
  139  8:28  Marine x5  
  139  8:29  SCV, Supply Depot  
  139  8:30  SCV  
  139  8:31  SCV, Supply Depot  
  140  8:35  Marine x2  
  134  8:43  SCV, Medivac  
  134  8:44  Marine x2  
  134  8:46  Marine x2  
  134  8:47  Marine x2  
  134  8:48  Marine  
  144  8:53  Marine x2  
Tags
 
Add a new tag
Caveats
  • Supply blocks, unpowered buildings, or Contaminate may cause inaccurate times.
  • Supply counts are checked every 10 seconds.